 Dungeon Crawl Stone Soup version 0.25.1-2-g60ff931df9 (webtiles) character file.

Game seed: 13333768766343622706

8850 Johnny the Frost Mage (level 10, -6/69 HPs)
             Began as a Demigod Ice Elementalist on Aug 31, 2020.
             Shot with an arrow by a centaur (16 damage)
             ... on level 2 of the Orcish Mines.
             The game lasted 00:17:47 (16321 turns).

Johnny the Frost Mage (Demigod Ice Elementalist)   Turns: 16321, Time: 00:17:48

Health: -6/69      AC:  6    Str: 11    XL:     10   Next: 93%
Magic:  26/27      EV: 12    Int: 25    God:
Gold:   809        SH:  0    Dex: 16    Spells: 18/26 levels left

rFire    . . .     SeeInvis .   w - +8 dagger (drain)
rCold    + + .     Gourm    .   (no shield)
rNeg     + . .     Faith    .   q - +1 robe {MR+}
rPois    +         Spirit   .   s - +1 helmet
rElec    +         Reflect  .   (no cloak)
rCorr    +         Harm     .   J - +0 pair of gloves
MR       ++...                  (no boots)
Stlth    ++........             t - amulet of the acrobat
HPRegen  0.21/turn              y - ring of ice
MPRegen  0.20/turn              h - ring of positive energy

@: resistant, flying, very slightly contaminated
A: high mp 1
a: no special abilities


You were on level 2 of the Orcish Mines.
You were very hungry.

You visited 2 branches of the dungeon, and saw 12 of its levels.
You also visited: Ossuary.

You collected 809 gold pieces.

Inventory:

Hand Weapons
 a - a +0 short sword of freezing
 w - a +8 dagger of draining (weapon)
Armour
 q - a +1 robe of magic resistance (worn)
 s - a +1 helmet (worn)
 J - a +0 pair of gloves (worn)
 L - a +0 troll leather armour
Jewellery
 d - an uncursed ring of flight
 h - a ring of positive energy (right hand)
 t - an amulet of the acrobat (around neck)
 y - a ring of ice (left hand)
 M - an uncursed ring of positive energy
Wands
 E - a wand of polymorph (14)
 F - a wand of random effects (14)
 G - a wand of iceblast (9)
 I - a wand of clouds (6)
Scrolls
 f - 2 scrolls of immolation
 g - a scroll of fog
 i - 10 scrolls of remove curse
 j - 6 scrolls of enchant armour
 k - a scroll of teleportation
 m - a scroll of noise
 n - 2 scrolls of magic mapping
 x - a scroll of random uselessness
 A - a scroll of blinking {unknown}
 C - a scroll of holy word {unknown}
 D - a scroll of torment {unknown}
 O - a scroll of summoning {unknown}
Potions
 e - 2 potions of stabbing {unknown}
 l - 4 potions of brilliance
 p - 3 potions of curing
 r - a potion of resistance
 u - 5 potions of flight
 v - 2 potions of heal wounds {unknown}
 z - a potion of lignification {unknown}
 B - 2 potions of mutation {unknown}
 H - 3 potions of might {unknown}
 K - a potion of cancellation {unknown}
Comestibles
 c - 16 rations


   Skills:
 - Level 1.7 Dodging
 - Level 1.7 Stealth
 + Level 8.7 Spellcasting
 * Level 13.1 Ice Magic


You had 18 spell levels left.
You knew the following spells:

 Your Spells              Type           Power        Failure   Level  Hunger
a - Freeze                Ice            ####         1%          1    None
b - Frozen Ramparts       Ice            ######       1%          3    None
c - Summon Ice Beast      Ice/Summ       ######..     3%          4    ##.....

Your spell library contained the following spells:

 Spells                   Type           Power        Failure   Level  Hunger
 Ozocubu's Armour         Chrm/Ice       ######..     1%          3    None
 Hailstorm                Conj/Ice       ######..     3%          4    ##.....
 Ice Form                 Ice/Tmut       ######..     3%          4    ##.....
 Animate Skeleton         Necr           N/A          5%          1    None
 Beastly Appendage        Tmut           ##....       5%          1    None
 Infusion                 Chrm           ##..         5%          1    None
 Pain                     Necr           ##..         5%          1    None
 Shroud of Golubria       Chrm/Tloc      ##....       9%          2    None
 Song of Slaying          Chrm           ##......     9%          2    None
 Sticks to Snakes         Tmut           ##......     9%          2    None
 Spectral Weapon          Hex/Chrm       ##......     17%         3    None
 Spider Form              Tmut/Pois      ##........   17%         3    None
 Vampiric Draining        Necr           ##........   17%         3    None
 Animate Dead             Necr           N/A          50%         4    ##.....
 Agony                    Necr           ##......     83%         5    ####...
 Blade Hands              Tmut           ##........   83%         5    ####...


Dungeon Overview and Level Annotations

Branches:
Dungeon (10/15)            Temple (0/1) D:6             Orc (2/2) D:10
Ossuary (visited)
   Lair: D:8-11         Elf: Orc:2

Shops:
D:4 (   D:6 =


Innate Abilities, Weirdness & Mutations

You have an increased reservoir of magic. (+10% MP)


Message History

You feel better.
The wall freezes the orc warrior.
Unknown command.
Unknown command.
Okay, then.
It was a potion of flight.
You feel very buoyant.
You fly up into the air.
The frozen ramparts melt away.
Your surroundings suddenly seem different.
An orc comes into view.
The orc shouts!
A centaur comes into view.
An orc comes into view. It is wielding a +0 hand axe.
The orc moves out of view.
An orc wizard comes into view. It is wielding a -2 dagger.
It was a potion of resistance.
You feel protected.
The orc shouts!
The centaur shouts!
The centaur wields a +0 shortbow.
The centaur shoots an arrow.
The arrow hits you!
You die...

... .. .. #
. ... #.
....#.# ##
.......#.##
.......@..#
.........#.#
........#..
...........#
.......#c .#
......o ...#
....... .. #
...o... ...


You could see a centaur, an orc wizard (wandering) and an orc.

Vanquished Creatures
  A two-headed ogre (Orc:2)
  An orc sorcerer (Orc:1)
  A gargoyle (D:10)
  The ghost of grovkorv the Quickloader, a novice KoHu of Okawaru (D:4)
  A troll (D:9)
  Eustachio (D:6)
  A spriggan (D:9)
  A yak (D:9)
  A wyvern (D:7)
  Menkaure (D:5)
  2 wargs (Orc:1)
  Duvessa (D:4)
  9 orc warriors
  An ice beast (D:8)
  A phantom (D:5)
  3 ogres
  A centaur (D:5)
  2 big kobolds
  4 elf zombies (Ossuary)
  2 bullfrogs (D:10)
  Dowan (D:4)
  A wyvern skeleton (D:9)
  2 scorpions
  A water moccasin skeleton (D:9)
  2 wights
  3 killer bees
  2 crimson imps
  A centaur zombie (Ossuary)
  4 hounds
  A human zombie (Ossuary)
  9 orc priests
  A bullfrog skeleton (D:9)
  Terence (D:3)
  Jessica (D:2)
  5 iguanas
  Ijyb (D:4)
  11 orc wizards
  7 worker ants
  A killer bee zombie (D:5)
  2 big kobold zombies (Ossuary)
  2 mummies (Ossuary)
  Robin (D:3)
  13 adders
  7 gnolls
  A howler monkey skeleton (D:5)
  2 shadow imps (D:5)
  3 oozes
  An adder zombie (Ossuary)
  4 worms
  4 dart slugs (D:3)
  6 leopard geckos
  48 orcs
  7 bats
  5 giant cockroaches
  22 goblins
  4 hobgoblins
  19 jackals
  26 kobolds
  6 quokkas
  5 frilled lizards
  A goblin zombie (Ossuary)
  14 hobgoblin zombies (Ossuary)
  2 jackal zombies (Ossuary)
  5 kobold zombies (Ossuary)
  6 orc zombies (Ossuary)
  A quokka skeleton (D:7)
  A quokka zombie (D:6)
  6 rats
315 creatures vanquished.

Vanquished Creatures (collateral kills)
  An orc sorcerer (Orc:1)
  A troll (Orc:1)
  A hippogriff (D:8)
  2 yaks (D:9)
  A hungry ghost (D:9)
  A warg (Orc:1)
  3 orc warriors
  5 ogres
  4 centaurs
  3 bullfrogs
  A wyvern skeleton (D:9)
  A water moccasin skeleton (D:9)
  A killer bee (D:8)
  6 wights
  2 crimson imps
  A hound (D:9)
  3 orc priests
  An orc wizard (Orc:1)
  A worker ant (D:9)
  A hound skeleton (D:6)
  A gnoll (D:8)
  An adder skeleton (D:8)
  8 orcs
  2 goblins (Orc:1)
  A kobold (Orc:1)
53 creatures vanquished.

Grand Total: 368 creatures vanquished

Notes
Turn   | Place    | Note
-------+----------+-------------------------------------------
     0 | D:1      | Johnny the Demigod Ice Elementalist began the quest for the
                  | Orb.
     0 | D:1      | Reached XP level 1. HP: 14/14 MP: 5/5
   224 | D:1      | Reached skill level 4 in Ice Magic
   224 | D:1      | Reached XP level 2. HP: 19/20 MP: 0/7
   433 | D:1      | Found a snail-covered altar of Cheibriados.
  1033 | D:2      | Reached XP level 3. HP: 5/26 MP: 0/9
  1898 | D:2      | Learned a level 3 spell: Frozen Ramparts
  2268 | D:2      | Noticed Jessica
  2274 | D:2      | Killed Jessica
  2274 | D:2      | Reached XP level 4. HP: 31/33 MP: 5/10
  2466 | D:2      | Reached skill level 5 in Ice Magic
  3146 | D:3      | Noticed Terence
  3156 | D:3      | Killed Terence
  3409 | D:3      | Reached XP level 5. HP: 9/38 MP: 6/12
  4069 | D:3      | Noticed Robin
  4084 | D:3      | Killed Robin
  4455 | D:4      | Reached skill level 6 in Ice Magic
  4455 | D:4      | Reached XP level 6. HP: 29/45 MP: 8/14
  5103 | D:4      | Found a hazy altar of Hepliaklqana.
  5303 | D:4      | Found Vesm's Antique Weapon Shoppe.
  5398 | D:4      | Noticed Dowan
  5425 | D:4      | Noticed Duvessa
  5428 | D:4      | Noticed Ijyb
  5432 | D:4      | Killed Ijyb
  5434 | D:4      | Killed Duvessa
  5434 | D:4      | Reached skill level 7 in Ice Magic
  5434 | D:4      | Reached XP level 7. HP: 42/50 MP: 9/16
  5447 | D:4      | Killed Dowan
  5653 | D:4      | Found a runed translucent gate.
  5653 | D:4      | Found a runed translucent gate.
  5653 | D:4      | Found a runed translucent gate.
  5653 | D:4      | Noticed grovkorv's ghost (novice KoHu)
  5655 | D:4      | Identified the +7 short sword "Arcanum" {venom, rPois rF++
                  | Int-5}
  5681 | D:4      | Killed grovkorv's ghost
  5684 | D:4      | Reached skill level 8 in Ice Magic
  5967 | D:5      | Entered Level 5 of the Dungeon
  6113 | D:5      | Reached skill level 5 in Spellcasting
  6113 | D:5      | Reached XP level 8. HP: 51/57 MP: 15/19
  6231 | D:5      | Found a sand-covered staircase.
  6238 | Ossuary  | Entered an ossuary
  6966 | Ossuary  | Reached skill level 9 in Ice Magic
  7299 | D:5      | Noticed Menkaure
  7311 | D:5      | Killed Menkaure
  8401 | D:5      | Learned a level 4 spell: Summon Ice Beast
  9236 | D:6      | Noticed Eustachio
  9246 | D:6      | Killed Eustachio
  9302 | D:6      | Found a staircase to the Ecumenical Temple.
  9598 | D:6      | Found Motimaon's Jewellery Emporium.
  9927 | D:6      | Reached skill level 10 in Ice Magic
  9927 | D:6      | Reached XP level 9. HP: 59/62 MP: 20/22
 12112 | D:8      | Reached skill level 11 in Ice Magic
 13502 | D:9      | Reached XP level 10. HP: 49/69 MP: 23/25
 14071 | D:9      | Reached skill level 12 in Ice Magic
 14466 | D:10     | Entered Level 10 of the Dungeon
 14509 | D:10     | Found a staircase to the Orcish Mines.
 15870 | Orc:1    | Entered Level 1 of the Orcish Mines
 15870 | Orc:1    | Noticed an orc sorcerer
 15877 | Orc:1    | Noticed an orc sorcerer
 15882 | Orc:1    | Found a bloodstained altar of Trog.
 15890 | Orc:1    | Killed an orc sorcerer
 15898 | Orc:1    | Killed an orc sorcerer
 16238 | Orc:2    | Entered Level 2 of the Orcish Mines
 16239 | Orc:2    | Noticed a two-headed ogre
 16259 | Orc:2    | Killed a two-headed ogre
 16259 | Orc:2    | Reached skill level 13 in Ice Magic
 16318 | Orc:2    | HP: 3/69 [ogre/+0 giant club (15)]
 16321 | Orc:2    | Shot with an arrow by a centaur

Illustrated notes

Levels and vault maps discovered:
D:1:      lemuel_arrival_behind_the_door_large, layout_basic,
          cheibriados_altar_1
D:2:      wander_river, layout_loops_corners, uniq_jessica
D:3:      minmay_recursive_quarters, layout_loops_ring, first_ration,
          uniq_robin, uniq_terence
D:4:      layout_cave_pools, nicolae_overflow_crystal_walls, serial_shops, shop,
          gammafunk_ghost_nasty_kobolds, uniq_ijyb, uniq_duvessa
D:5:      layout_gridville, chequers_ossuary_entry_cave, palyth_stone_intersect,
          uniq_menkaure
D:6:      layout_basic, minmay_temple_entry_large_hall, serial_shops,
          nicolae_shop_statue_plus, uniq_eustachio
D:7:      layout_basic
D:8:      layout_basic
D:9:      layout_gridville, special_room [special_room_orc], the_bakery
D:10:     minmay_bubble_buster, layout_long_grid
Orc:1:    cheibrodos_orc_guarddog, layout_caves, trog_hazing_becter,
          uniq_gastronok
Orc:2:    st_orc_rangers, layout_caves, uniq_sonja

Skill      XL: |  1  2  3  4  5  6  7  8  9 10 |
---------------+-------------------------------+-----
Spellcasting   | 2 3 4 5 6 7 8 |  8.7
Ice Magic      | 4 5 6 7 8 10 11 13 | 13.1
Dodging        | |  1.7
Stealth        | |  1.7

Action                   |  1- 3 |  4- 6 |  7- 9 | 10-12 || total
-------------------------+-------+-------+-------+-------++-------
Melee: Unarmed           |    71 |    26 |       |       ||    97
       Short sword       |       |   106 |   199 |       ||   305
       Dagger            |       |       |   306 |    57 ||   363
 Cast: Freeze            |    52 |    48 |    16 |     1 ||   117
       Frozen Ramparts   |     1 |    11 |    42 |    15 ||    69
       Summon Ice Beast  |       |       |    32 |    30 ||    62
 Abil: Evoke Flight      |       |     1 |       |       ||     1
Evoke: Wand              |       |       |    34 |     6 ||    40
  Use: Potion            |       |     2 |       |     8 ||    10
       Scroll            |       |       |    15 |     5 ||    20
 Stab: Sleeping          |     3 |     4 |     4 |     2 ||    13
       Distracted        |       |     1 |       |       ||     1
  Eat: Chunk             |     4 |    11 |    20 |     9 ||    44
       Ration            |       |       |     3 |       ||     3
Armor: Robe              |    26 |    58 |   134 |    12 ||   230
Dodge: Dodged            |    76 |   161 |   391 |   101 ||   729
